 Dungeon Crawl Stone Soup version 0.18.1-48-g4cf74bf (webtiles) character file.

159 Krovax3 the Caller (level 5, -2/35 HPs)
             Began as a Merfolk Summoner on July 30, 2016.
             Was an Initiate of Sif Muna.
             Slain by an orc wizard
             ... wielding a +0 mace
              (7 damage)
             ... on level 4 of the Dungeon.
             The game lasted 00:23:18 (3389 turns).

Krovax3 the Caller (Merfolk Summoner)               Turns: 3389, Time: 00:23:18

Health: -2/35      AC:  5    Str:  8    XL:     5   Next: 40%
Magic:  10/10      EV: 18    Int: 15    God:    Sif Muna [......]
Gold:   163        SH:  0    Dex: 15    Spells: 3 memorised, 5 levels left

rFire  . . .     SeeInvis .     i - +0 spear
rCold  . . .     Gourm    .     a - +0 robe
rNeg   . . .     Faith    .     (no shield)
rPois  .         Spirit   .     q - +1 helmet
rElec  .         Dismiss  .     (no cloak)
rCorr  .         Reflect  .     (no gloves)
SustAt .         Harm     .     o - +0 pair of boots
MR     .....                    (no amulet)
Stlth  +.........               (no ring)
                                e - +5 ring of evasion

@: confused, not resistant to hostile enchantments, very unstealthy
A: change form in water, swift swim
a: Renounce Religion


You were on level 4 of the Dungeon.
You worshipped Sif Muna.
Sif Muna was noncommittal.
You were not hungry.

You visited 1 branch of the dungeon, and saw 4 of its levels.

You collected 163 gold pieces.

Inventory:

Hand Weapons
 g - a +0 club
 i - a +0 spear (weapon)
 r - a +0 whip
Armour
 a - a +0 robe (worn)
 d - a +2 leather armour of cold resistance
 o - a +0 pair of boots (worn)
 q - a +1 helmet (worn)
Jewellery
 e - a +5 ring of evasion (left hand)
 m - an uncursed ring of teleportation
Wands
 u - a wand of paralysis (4/24)
 v - a wand of polymorph (12/24)
Scrolls
 k - 2 scrolls of identify
 n - a scroll of fear
 s - a scroll of remove curse
 y - a scroll of magic mapping
Potions
 f - a potion of cancellation
 h - a potion of mutation {unknown}
 j - 2 potions of might {unknown}
 p - a potion of ambrosia
 t - 2 potions of brilliance {unknown}
Books
 b - a book of Callings

   Spells                             Type                      Level
   a - Summon Small Mammal            Summoning                    1
   b - Call Imp                       Summoning                    2
   c - Call Canine Familiar           Summoning                    3
   d - Summon Guardian Golem          Hexes/Summoning              3
   e - Summon Lightning Spire         Summoning/Air                4
   f - Summon Ice Beast               Ice/Summoning                4
Comestibles
 c - 2 bread rations
 l - 2 slices of pizza
 w - a royal jelly


   Skills:
 + Level 2.4 Polearms
 - Level 3.0 Dodging
 - Level 2.1 Stealth
 * Level 3.7 Spellcasting
 + Level 5.0 Summonings


You had 5 spell levels left.
You knew the following spells:

 Your Spells              Type           Power        Failure   Level  Hunger
a - Summon Small Mammal   Summ           ###.         2%          1    None
b - Call Imp              Summ           ###.....     4%          2    ##.....
c - Call Canine Familiar  Summ           ###.....     10%         3    ###....


Dungeon Overview and Level Annotations

Branches:
Dungeon (4/15)
 Temple: D:4-7

Altars:
Sif Muna
Zin

Annotations:
D:2 exclusion: 2 downstairs
D:3 baghtru's ghost, amateur HOFi


Message History

You hit something but do no damage. Something hits you.
You barely miss something. Something hits you.
Your shadow imp barely misses something.
Something hits you.
* * * LOW HITPOINT WARNING * * *
You hit something.
Your shadow imp closely misses something.
Something hits you but does no damage.
You closely miss something. Something hits you.
* * * LOW HITPOINT WARNING * * *
Your shadow imp misses something.
You are confused.
You feel invigorated.
You hear some strange, mumbled words.
A puff of frost appears from out of thin air!
The puff of frost hits you!
* * * LOW HITPOINT WARNING * * *
Your shadow imp gestures at something.
Something hits you!
You die...

...............##......##........
...............#.)...............
...............#.................
............<............##.#....
..#.#.........##.........#......#
###.#####)............###.......#
###.#####)...############.....#o.
.##......).......{5..)....#'#.#..
.##........#...5@)............#..
................................#
.##........#....................#
................................#
..........................##.....
..........................# .....
..........................# .....
..........................# ....
..............#####.......# #..


You could see a friendly crimson imp and a friendly shadow imp.

Vanquished Creatures
  A worker ant (D:4)
  A hound skeleton (D:4)
  An adder (D:2)
  An ooze (D:3)
  A worm (D:3)
  A dart slug (D:2)
  2 orcs (D:4)
  A ball python (D:4)
  3 bats (D:1)
  4 hobgoblins
  3 kobolds
  3 giant newts
  3 goblins
  7 rats
32 creatures vanquished.

Vanquished Creatures (collateral kills)
  2 orc wizards (D:4)
  2 worker ants (D:4)
  2 adders
  An ooze (D:1)
  3 orcs (D:4)
  A giant cockroach (D:1)
  4 hobgoblins (D:1)
  2 jackals (D:4)
  A kobold (D:1)
  A giant newt (D:4)
  2 rats (D:1)
21 creatures vanquished.

Grand Total: 53 creatures vanquished

Notes
Turn   | Place    | Note
--------------------------------------------------------------
     0 | D:1      | Krovax3 the Merfolk Summoner began the quest for the Orb.
     0 | D:1      | Reached XP level 1. HP: 13/13 MP: 3/3
   542 | D:1      | Reached XP level 2. HP: 2/19 MP: 3/5
   983 | D:1      | Learned a level 2 spell: Call Imp
  1447 | D:2      | Found a faded altar to an unknown god.
  1678 | D:2      | Found a glowing silver altar of Zin.
  1740 | D:2      | Reached XP level 3. HP: 19/24 MP: 2/7
  2560 | D:3      | Noticed baghtru's ghost (amateur HOFi)
  2914 | D:4      | Reached skill level 1 in Polearms
  2914 | D:4      | Reached XP level 4. HP: 30/30 MP: 4/8
  3065 | D:4      | Learned a level 3 spell: Call Canine Familiar
  3115 | D:4      | Reached XP level 5. HP: 32/35 MP: 10/10
  3244 | D:4      | Found a deep blue altar of Sif Muna.
  3254 | D:4      | Became a worshipper of Sif Muna the Loreminder
  3383 | D:4      | Reached skill level 5 in Summonings
  3389 | D:4      | Slain by an orc wizard

Skill      XL: |  1  2  3  4  5 |
---------------+----------------+-----
Dodging        | 3 |  3.0
Spellcasting   | 3 |  3.7
Polearms       | 1 2 |  2.4
Summonings     | 5 |  5.0
Stealth        | |  2.1

Action                   |  1- 3 |  4- 6 || total
-------------------------+-------+-------++-------
Melee: Unarmed           |    33 |       ||    33
       Club              |    47 |       ||    47
       Whip              |    52 |       ||    52
       Spear             |    21 |    50 ||    71
 Cast: Summon Small Mamm |    14 |       ||    14
       Call Imp          |    13 |     6 ||    19
       Call Canine Famil |       |     1 ||     1
Evoke: Wand              |       |     1 ||     1
  Use: Scroll            |     6 |       ||     6
       Potion            |       |     2 ||     2
 Stab: Distracted        |     2 |       ||     2
       Sleeping          |     5 |       ||     5
  Eat: Chunk             |     5 |       ||     5
       Bread ration      |     1 |       ||     1
Armor: Robe              |    12 |    17 ||    29
Dodge: Dodged            |   100 |    61 ||   161
